Description

--

Replay - PvP adepts chargelots

Build Order

Get SALT Encoding   

  12  0:01  Probe  
  13  0:14  Probe  
  14  0:19  Pylon  
  14  0:26  Probe (Chrono Boost)  
  15  0:39  Gateway  
  16  0:42  Probe x2 (Chrono Boost)  
  16  0:44  Assimilator  
  17  0:52  Assimilator  
  17  0:56  Probe  
  18  1:07  Gateway  
  18  1:15  Probe (Chrono Boost)  
  19  1:22  Probe x2 (Chrono Boost)  
  20  1:26  Cybernetics Core  
  21  1:38  Probe  
  21  1:39  Pylon  
  23  2:03  Adept x2  
  23  2:04  Warp Gate (Chrono Boost)  
  27  2:30  Stalker x2  
  31  2:49  Nexus  
  31  2:50  Pylon  
  32  3:22  Robotics Facility  
  30  3:40  Twilight Council  
  31  4:02  Sentry x2  
  38  4:13  Immortal (Chrono Boost)  
  44  4:26  Stalker x2  
  49  4:38  Pylon  
  51  4:40  Observer (Chrono Boost)  
  54  4:54  Pylon  
  54  4:56  Immortal (Chrono Boost)  
  54  4:58  Assimilator x2  
  60  5:12  Forge  
  60  5:13  Charge  
  62  5:25  Immortal (Chrono Boost)  
  69  5:46  Protoss Ground Weapons Level 1 (Chrono Boost)  
  69  5:51  Templar Archives  
  69  6:06  Gateway x4  
  69  6:08  Observer  
  69  6:12  Gateway x2  
  69  6:34  Nexus  
  71  6:46  Warp Prism  
  75  7:15  Observer  
  75  7:16  High Templar x4  
  75  7:19  Zealot x4, Protoss Ground Weapons Level 2 (Chrono Boost)  
  75  7:22  Archon x2  
  96  7:52  High Templar x4  
  96  7:56  Zealot x4  
  112  7:59  Archon x2  
  112  8:05  Assimilator x2  
  117  8:23  Zealot x2  
  133  8:55  High Templar x2  
  141  8:59  Archon x2  
  152  9:17  Nexus  
  150  9:39  Archon  
Spawning Tool Build Advisor. Get it on Overwolf

Go to:

Details

  • Created by: Michauter
  • Published on: Dec 21, 2017
  • Modified on: Dec 21, 2017
  • Patch: 4.0.0
Show
View Real Time Build Order
Export as new Build Order

Comments (0)

There are no comments. Be the first!

Create an account to comment!